 Dungeon Sprint DCSS version 0.31-a0-18-gea43df2a32 (webtiles) character file.

Game seed: 18334298294006804560

6993 sircluck the Crack Shot (level 10, -3/97 HPs)
             Began as a Minotaur Hunter on May 11, 2023.
             Slain by a redback (6 damage)
             ... in the Dungeon (Sprint V: "Ziggurat Sprint").
             The game lasted 00:04:37 (847 turns).

sircluck the Crack Shot (Minotaur Hunter)            Turns: 847, Time: 00:04:38

Health: -3/97      AC:  4    Str: 15    XL:     10   Next: 81%
Magic:  9/9        EV: 22    Int:  6    God:
Gold:   0          SH:  0    Dex: 31    Spells: 9/9 levels left

rFire   + . .        C - +27 heavy crossbow "Sniper" {heavy, Acc+∞ SInv}
rCold   . . .        (shield currently unavailable)
rNeg    + . .        E - +2 robe {rN+}
rPois   .            (helmet restricted)
rElec   .            (no cloak)
rCorr   .            (no gloves)
SInv    +            (no boots)
Will    .....        D - amulet of Zipofira {Acrobat rF+}
Stlth   ++           v - +6 ring of dexterity
HPRegen 0.36/turn    w - +6 ring of dexterity
MPRegen 0.11/turn

%: no teleportation, acrobat
@: confused, studying Shields
A: horns 2, retaliatory headbutt
a: no special abilities


You were in the Dungeon.
You visited 1 branch

Inventory:

Hand Weapons
 a - a +0 shortbow
 C - the +27 heavy crossbow "Sniper" (weapon) {heavy, Acc+∞ SInv}
   (You found it in the Dungeon)

   Acc+∞: It never misses its target.
   SInv:      It lets you see invisible.
 F - the +3 great sword "Ultimatum" {speed, Str+2 Int+2}
   (You found it in the Dungeon)

   Str:       It affects your strength (+2).
   Int:       It affects your intelligence (+2).
Armour
 c - a +0 leather armour
 E - a +2 robe of positive energy (worn)
 H - the +0 scale mail of the Harp {*Slow rN++}
   (You found it in the Dungeon)

   rN:        It greatly protects you from negative energy.
   *Slow:     It may slow you when you take damage.
 J - +0 steam dragon scales
Jewellery
 u - a ring of flight
 v - a +6 ring of dexterity (left hand)
 w - a +6 ring of dexterity (right hand)
 x - a +6 ring of intelligence
 y - a +6 ring of intelligence
 z - a +6 ring of strength
 A - a +6 ring of strength
 D - the amulet of Zipofira (around neck) {Acrobat rF+}
   (You found it in the Dungeon)

   [amulet of the acrobat]

   It increases your evasion while moving and waiting.
   rF:        It protects you from fire.
Wands
 s - a wand of mindburst (7)
 t - a wand of light (7)
 B - a wand of polymorph (15)
 I - a wand of paralysis (5)
 K - a wand of flame (9)
Scrolls
 b - a scroll of immolation
 i - 4 scrolls of blinking
 o - 4 scrolls of amnesia
 p - 7 scrolls of fog
 q - 5 scrolls of identify
 r - 2 scrolls of fear
Potions
 d - 9 potions of curing
 e - 9 potions of heal wounds
 f - 10 potions of haste
 g - 7 potions of magic
 h - 3 potions of berserk rage
 j - 2 potions of brilliance
 k - 2 potions of invisibility
 l - 4 potions of resistance
 m - a potion of experience
 n - 5 potions of might
Miscellaneous
 G - a condenser vane


   Skills:
 + Level 12.2 Fighting
 + Level 23.6 Ranged Weapons
 + Level 2.5 Armour
 + Level 9.0 Dodging
 + Level 4.7 Stealth


You had 9 spell levels left.
You didn't know any spells.
Your spell library contained the following spells:

 Spells                   Type           Power      Damage    Failure   Level
 Beastly Appendage        Tmut           0%         N/A       45%         1
 Necrotise                Necr           0%         1d4       45%         1
 Wereblood                Tmut           0%         N/A       58%         2
 Ignite Poison            Fire/Tmut/Pois 0%         N/A       83%         3
 Spider Form              Tmut/Pois      0%         N/A       83%         3
 Animate Armour           Summ/Erth      0%         N/A       99%         4
 Animate Dead             Necr           0%         N/A       99%         4
 Summon Ice Beast         Ice/Summ       0%         N/A       99%         4
 Summon Mana Viper        Hex/Summ       0%         N/A       100%        5
 Yara's Violent Unravell  Hex/Tmut       0%         3d3       100%        5
 Simulacrum               Ice/Necr       0%         N/A       100%        6
 Haunt                    Necr/Summ      0%         N/A       100%        7
 Ozocubu's Refrigeration  Ice            0%         4d7       100%        7
 Borgnjor's Revivificati  Necr           0%         N/A       100%        8
 Polar Vortex             Ice            0%         N/A       100%        9


Dungeon Overview and Level Annotations

Branches:
Dungeon (1/1)

Altars:
Ashenzari
Cheibriados
Dithmenos
Elyvilon
Fedhas
Gozag
Hepliaklqana
Kikubaaqudgha
Makhleb
Nemelex Xobeh
Okawaru
Qazlal
Ru
Sif Muna
Trog
Uskayaw
Vehumet
Wu Jian
Xom
Yredelemnul
Zin
The Shining One
Jiyva
Lugonu


Innate Abilities, Weirdness & Mutations

You have a pair of horns on your head.
You reflexively headbutt those who attack you in melee.


Message History

You are too injured to fight recklessly!
Unknown command.
You are too injured to fight recklessly!
Unknown command.
Unknown command.
You are too injured to fight recklessly!
Unknown command.
You are too injured to fight recklessly!
You shoot a bolt. The bolt hits the scorpion!!
You kill the scorpion!
You feel sick. The redback bites you.
You are more poisoned.
The redback poisons you! The tarantella misses you. You furiously retaliate!
You headbutt the tarantella, but do no damage.
The scorpion completely misses you. The redback bites you!
* * * LOW HITPOINT WARNING * * *
The tarantella touches you!
* * * LOW HITPOINT WARNING * * *
The scorpion stings you.
* * * LOW HITPOINT WARNING * * *
You are more poisoned.
The scorpion poisons you! The redback bites you!
* * * LOW HITPOINT WARNING * * *
You are more poisoned.
The redback poisons you! The tarantella misses you.
You feel better. The scorpion completely misses you. You furiously retaliate!
You headbutt the scorpion! The redback closely misses you.
You furiously retaliate!
You headbutt the redback. The tarantella closely misses you.
The scorpion completely misses you.
You shoot a bolt. The bolt hits the scorpion!!!
You kill the scorpion!
The redback bites you.
* * * LOW HITPOINT WARNING * * *
The tarantella touches you.
* * * LOW HITPOINT WARNING * * *
You are confused.
The redback closely misses you. The tarantella touches you.
* * * LOW HITPOINT WARNING * * *
The redback bites you.
You die...

▓..8©8..▓
▓..))[=)..▓..)....▓
▓...=)[...▓...)|..▓
▓.........▓.......▓
▓....†....▓..))...▓
▓....†....▓..))...▓
▓.........▓...)...▓
▓.▓.s.s.▓.▓.▓...▓.▓
▓....@†...▓...©...▓
▓▓▓▓▓▓▓▓▓▓▓▓▓▓▓▓▓▓▓


You could see a tarantella and a redback.

Vanquished Creatures
  3 dancing weapons (D)
  A deep elf knight (D)
  A deep elf pyromancer (D)
  A deep elf archer (D)
  A deep elf zephyrmancer (D)
  An orange demon (D)
  A cane toad (D)
  An ice devil (D)
  2 tarantellas (D)
  3 jumping spiders (D)
  3 wyverns (D)
  A basilisk (D)
  A steam dragon (D)
  2 water moccasins (D)
  An orc warrior (D)
  3 swamp drakes (D)
  2 wolves (D)
  A bullfrog (D)
  6 scorpions (D)
  3 orc wizards (D)
  2 adders (D)
  2 orcs (D)
  A ball python (D)
43 creatures vanquished.

Notes
Turn   | Place    | Note
-------+----------+-------------------------------------------
     0 | D        | sircluck the Minotaur Hunter began the quest for the Orb.
     0 | D        | Reached XP level 1. HP: 18/18 MP: 0/0
     4 | D        | Found a shimmering blue altar of Sif Muna.
     4 | D        | Found a bloodstained altar of Trog.
     4 | D        | Found a sacrificial altar of Ru.
     4 | D        | Found a stormy altar of Qazlal.
     4 | D        | Found an iron altar of Okawaru.
     5 | D        | Found a sparkling altar of Nemelex Xobeh.
     5 | D        | Found a blossoming altar of Fedhas.
     5 | D        | Found the +6 Majin-Bo {spellvamp, MP+6 Int+6}
     5 | D        | Found the +27 heavy crossbow "Sniper" {heavy, Acc+∞ SInv}
     5 | D        | Found the +10 dark maul {heavy}
     5 | D        | Found the +15 Maxwell's patent armour {-Cast -Tele rElec
                  | Will+ rCorr}
     5 | D        | Found the +18 shield of the Gong {Loud rN+ Will+ rCorr
                  | EV-5}
     5 | D        | Found the +16 obsidian axe {drain, demonic, Mesm Drain Fly
                  | SInv}
     5 | D        | Found the +7 great mace "Firestarter" {flame, immolate,
                  | rFlCloud rF++}
     5 | D        | Found the +6 shillelagh "Devastator" {shatter}
     5 | D        | Found the +11 plutonium sword {Contam Stlth-}
     5 | D        | Found the +8 lance "Wyrmbane" {slay drac, rPois rF+ rC+
                  | AC+3}
     5 | D        | Found the +9 sword of Zonguldrok {reap}
     5 | D        | Found the +13 scythe of Curses {drain, curses, Drain}
     5 | D        | Found the +9 sword of Power {lifebolt}
     5 | D        | Found the +7 mace of Variability {chaos, chaos arc}
     5 | D        | Found the +11 Singing Sword {sonic wave}
     5 | D        | Found the +8 storm bow {elec, penet}
     7 | D        | Found a transporter.
     7 | D        | Found an ancient bone altar of Kikubaaqudgha.
     7 | D        | Found a viscous altar of Jiyva.
     7 | D        | Found a corrupted altar of Lugonu.
     7 | D        | Found a hazy altar of Hepliaklqana.
     7 | D        | Found a burning altar of Makhleb.
     7 | D        | Found an opulent altar of Gozag.
    56 | D        | Entered arena 2.
    56 | D        | Noticed an ice devil
    56 | D        | Noticed an orange demon
    56 | D        | Found a transporter.
    58 | D        | Killed an ice devil
    59 | D        | Reached skill level 5 in Fighting
    59 | D        | Reached skill level 12 in Ranged Weapons
    59 | D        | Reached skill level 1 in Stealth
    59 | D        | Reached XP level 2. HP: 4/29 MP: 1/1
    59 | D        | Reached XP level 3. HP: 5/36 MP: 2/2
    59 | D        | Reached XP level 4. HP: 6/42 MP: 3/3
    59 | D        | Reached XP level 5. HP: 7/48 MP: 4/4
    61 | D        | Killed an orange demon
    62 | D        | Reached skill level 15 in Ranged Weapons
    62 | D        | Reached XP level 6. HP: 19/58 MP: 5/5
    62 | D        | Reached XP level 7. HP: 21/64 MP: 6/6
    66 | D        | Got Ytehehef's Vellum of Amorphous Ensorcelling
   220 | D        | Entered arena 3.
   220 | D        | Noticed a deep elf knight
   220 | D        | Noticed a +3 mace of draining
   220 | D        | Noticed a deep elf pyromancer
   220 | D        | Found a transporter.
   221 | D        | Killed a +3 mace of draining
   222 | D        | Reached skill level 17 in Ranged Weapons
   222 | D        | Reached skill level 5 in Dodging
   222 | D        | Reached XP level 8. HP: 74/74 MP: 7/7
   222 | D        | Killed a deep elf knight
   223 | D        | Reached skill level 18 in Ranged Weapons
   223 | D        | Killed a deep elf pyromancer
   224 | D        | Reached skill level 19 in Ranged Weapons
   224 | D        | Reached XP level 9. HP: 83/83 MP: 8/8
   229 | D        | Got the amulet of Zipofira {Acrobat rF+}
   238 | D        | Entered arena 4.
   238 | D        | Found a transporter.
   265 | D        | Entered arena 5.
   265 | D        | Noticed a +4 flail of protection
   265 | D        | Noticed a deep elf archer
   265 | D        | Noticed a deep elf zephyrmancer
   265 | D        | Noticed a +5 dire flail of protection
   265 | D        | Found a transporter.
   266 | D        | Killed a +5 dire flail of protection
   267 | D        | Reached skill level 20 in Ranged Weapons
   267 | D        | Killed a +4 flail of protection
   268 | D        | Reached skill level 10 in Fighting
   268 | D        | Reached skill level 21 in Ranged Weapons
   268 | D        | Reached skill level 1 in Armour
   269 | D        | Killed a deep elf archer
   270 | D        | Killed a deep elf zephyrmancer
   271 | D        | Reached skill level 22 in Ranged Weapons
   271 | D        | Reached XP level 10. HP: 14/94 MP: 9/9
   275 | D        | Got the Spellbook of the Grave
   286 | D        | Got the +3 great sword "Ultimatum" {speed, Str+2 Int+2}
   500 | D        | Entered arena 6.
   500 | D        | Found a transporter.
   520 | D        | Got the +0 scale mail of the Harp {*Slow rN++}
   580 | D        | Entered arena 7.
   580 | D        | Noticed a cane toad
   592 | D        | Killed a cane toad
   595 | D        | Reached skill level 23 in Ranged Weapons
   595 | D        | Found a transporter.
   783 | D        | Entered arena 8.
   790 | D        | Found a transporter.
   803 | D        | Got Fuqizube's Papyrus of the Union and the Fault
   808 | D        | Entered arena 9.
   819 | D        | Found a transporter.
   839 | D        | Entered arena 10.
   845 | D        | HP: 2/97 [redback (13)]
   847 | D        | Slain by a redback

Illustrated notes

Levels and vault maps discovered:
D:        sprint_v [room_start, room_1, room_2, room_3, room_4, room_5, room_6,
          room_7, room_8, room_9, room_10, room_11, room_12, room_13, room_14,
          room_15, room_16, room_17, room_18, room_19, room_20, room_21,
          room_22, room_23, room_24, room_25, room_26, room_27]

Skill      XL: |  1  2  3  4  5  6  7  8  9 10 |
---------------+-------------------------------+-----
Fighting       | 5 6 7 9 10 12 | 12.2
Ranged Weapons | 12 15 17 19 22 23 | 23.6
Dodging        | 4 5 6 7 9 |  9.0
Stealth        | 1 2 3 4 |  4.7
Armour         | 1 2 |  2.5

Action                     |  1- 3 |  4- 6 |  7- 9 | 10-12 || total
---------------------------+-------+-------+-------+-------++-------
  Melee: Heavy crossbow    |       |       |       |     1 ||     1
   Fire: Heavy crossbow    |     3 |     2 |    12 |    33 ||    50
    Use: Potion            |       |     1 |       |     1 ||     2
 Armour: Leather armour    |     1 |       |     1 |       ||     2
         Robe              |       |       |       |    17 ||    17
  Dodge: Dodged            |     3 |     3 |     6 |    67 ||    79

Table legend: (Time is in decaauts)
 A = Elapsed time spent in this place.
 B = Non-inter-level travel time spent in this place.
 C = Inter-level travel time spent in this place.
 D = Time resting spent in this place.
 E = Time spent auto-exploring this place.
 F = Levels seen in this place.
 G = Mean time per level.
                   A        B        C        D        E       F      G
               +--------+--------+--------+--------+--------+-----+--------+
         Total |    906 |    906 |      0 |    541 |     54 |   1 |  906.0 |
       Dungeon |    906 |    906 |      0 |    541 |     54 |   1 |  906.0 |
               +--------+--------+--------+--------+--------+-----+--------+

Top non-repeatable levels by time:
       D: 906 daAuts
